 Dungeon Sprint DCSS version 0.19.0-2-gae57169 (webtiles) character file.

146 poirepourri the Summoner (level 5, -3/35 HPs)
             Began as a Merfolk Summoner on Nov 3, 2016.
             Slain by a yak (13 damage)
             ... in the Dungeon (Sprint I: "Red Sonja").
             The game lasted 00:01:41 (752 turns).

poirepourri the Summoner (Merfolk Summoner)          Turns: 752, Time: 00:01:42

Health: -3/35      AC:  3    Str:  8    XL:     5   Next: 28%
Magic:  2/12       EV: 14    Int: 15    God:
Gold:   297        SH:  0    Dex: 15    Spells: 5 memorised, 1 level left

rFire  . . .     SeeInvis .     (no weapon)
rCold  . . .     Gourm    .     a - +0 robe
rNeg   . . .     Faith    .     (no shield)
rPois  .         Spirit   .     (no helmet)
rElec  .         Reflect  .     (no cloak)
rCorr  .         Harm     .     l - +0 pair of gloves
MR     .....     NoTele   +     (no boots)
Stlth  ++........               (no amulet)
                                (no ring)
                                (no ring)

@: very slightly contaminated
A: change form in water, swift swim, stealthy swim
a: no special abilities


You were in the Dungeon.
You were not hungry.

You visited 1 branch You collected 297 gold pieces.

Inventory:

Armour
 a - a +0 robe (worn)
 l - a +0 pair of gloves (worn)
Potions
 d - a potion of curing
 e - a potion of heal wounds
 f - a potion of haste
 g - a potion of magic
 h - a potion of berserk rage
 j - a potion of flight {unknown}
 k - a potion of cure mutation {unknown}
Books
 b - a book of Callings

   Spells                             Type                      Level
   a - Summon Small Mammal            Summoning                    1
   b - Call Imp                       Summoning                    2
   c - Call Canine Familiar           Summoning                    3
   d - Summon Guardian Golem          Hexes/Summoning              3
   e - Summon Lightning Spire         Summoning/Air                4
   f - Summon Ice Beast               Ice/Summoning                4
Comestibles
 c - a bread ration


   Skills:
 + Level 4.4 Dodging
 + Level 3.5 Stealth
 + Level 5.1 Spellcasting
 + Level 8.9 Summonings


You had one spell level left.
You knew the following spells:

 Your Spells              Type           Power        Failure   Level  Hunger
a - Summon Small Mammal   Summ           ####         1%          1    None
b - Call Imp              Summ           ####....     1%          2    ##.....
c - Call Canine Familiar  Summ           ####....     1%          3    ###....
d - Summon Guardian Gole  Hex/Summ       ###.....     10%         3    ###....
e - Summon Lightning Spi  Summ/Air       ###.....     28%         4    ####...


Dungeon Overview and Level Annotations

Branches:
Dungeon (1/1)

Altars:
Cheibriados
Dithmenos
Elyvilon
Fedhas
Hepliaklqana
Kikubaaqudgha
Okawaru
Qazlal
Ru
Sif Muna
Trog
Uskayaw
Vehumet
Yredelemnul
Zin
The Shining One

Shops:
D :


Message History

Casting: Summon Small Mammal
Confirm with . or Enter, or press ? or * to list all spells.
Your quokka disappears in a puff of smoke!
Your quokka bites the yak.
Your quokka barely misses the yak.
Your quokka bites the yak but does no damage.
The yak closely misses you.
You swap places.
Your quokka bites the yak.
Your quokka closely misses the yak.
Your quokka bites the yak but does no damage.
The yak gores your quokka!
Your quokka dies!
Your quokka's corpse disappears in a puff of smoke!
There is an open door here.
Casting: Summon Small Mammal
Confirm with . or Enter, or press ? or * to list all spells.
Your quokka bites the yak. x2
Casting: Summon Small Mammal
Confirm with . or Enter, or press ? or * to list all spells.
Your quokka disappears in a puff of smoke!
Your quokka barely misses the yak.
The yak gores you!
You die...

################
#<.#.)'..#.b@Y.#
#.)'..#..'r.#rr+
#..#####'#####'#
#..# #..#...#§#
#..#__####..##.#
#..#_____##r#..+
#⌠⌠#_.∩...'r.._#
####_..__##_.#'#
___ ##+#.#


You could see a yak, 3 friendly quokkas and a friendly bat.

Vanquished Creatures
  Sigmund (D)
1 creature vanquished.

Vanquished Creatures (collateral kills)
  An ogre (D)
  A jelly (D)
  Ijyb (D)
3 creatures vanquished.

Grand Total: 4 creatures vanquished

Notes
Turn   | Place    | Note
-------+----------+-------------------------------------------
     0 | D        | poirepourri the Merfolk Summoner began the quest for the Orb.
     0 | D        | Reached XP level 1. HP: 13/13 MP: 3/3
     1 | D        | Noticed Ijyb
    26 | D        | Killed Ijyb
    26 | D        | Reached skill level 5 in Summonings
    26 | D        | Reached XP level 2. HP: 13/19 MP: 1/5
   167 | D        | Learned a level 2 spell: Call Imp
   170 | D        | Noticed an ogre
   183 | D        | Killed an ogre
   183 | D        | Reached skill level 7 in Summonings
   183 | D        | Reached XP level 3. HP: 24/24 MP: 0/7
   338 | D        | Learned a level 3 spell: Call Canine Familiar
   346 | D        | Noticed Sigmund
   362 | D        | Killed Sigmund
   362 | D        | Reached skill level 8 in Summonings
   362 | D        | Reached XP level 4. HP: 28/30 MP: 5/10
   362 | D        | Reached XP level 5. HP: 33/35 MP: 6/12
   544 | D        | Learned a level 3 spell: Summon Guardian Golem
   549 | D        | Learned a level 4 spell: Summon Lightning Spire
   561 | D        | Found a deep blue altar of Sif Muna.
   563 | D        | Found a radiant altar of Vehumet.
   576 | D        | Reached skill level 5 in Spellcasting
   734 | D        | Found Lopnip's Book Emporium.
   734 | D        | Found an ancient bone altar of Kikubaaqudgha.
   734 | D        | Found a hazy altar of Hepliaklqana.
   734 | D        | Found a stormy altar of Qazlal.
   734 | D        | Found a hide-covered altar of Uskayaw.
   734 | D        | Found a blossoming altar of Fedhas.
   734 | D        | Found a bloodstained altar of Trog.
   734 | D        | Found an iron altar of Okawaru.
   734 | D        | Found a basalt altar of Yredelemnul.
   734 | D        | Found a glowing golden altar of the Shining One.
   734 | D        | Found a snail-covered altar of Cheibriados.
   734 | D        | Found a sacrificial altar of Ru.
   734 | D        | Found a glowing silver altar of Zin.
   734 | D        | Found a shadowy altar of Dithmenos.
   734 | D        | Found a white marble altar of Elyvilon.
   734 | D        | Noticed a yak
   752 | D        | Slain by a yak

Skill      XL: |  1  2  3  4  5 |
---------------+----------------+-----
Dodging        | 3 4 |  4.4
Summonings     | 5 7 8 |  8.9
Spellcasting   | 3 4 5 |  5.1
Stealth        | 3 |  3.5

Action                   |  1- 3 |  4- 6 || total
-------------------------+-------+-------++-------
Melee: Unarmed           |    10 |       ||    10
 Cast: Summon Small Mamm |    14 |    19 ||    33
       Call Canine Famil |     2 |       ||     2
  Use: Potion            |     1 |       ||     1
       Scroll            |       |     1 ||     1
Armor: Robe              |     1 |       ||     1
Dodge: Dodged            |     6 |     6 ||    12
